 Dungeon Crawl Stone Soup version 0.17-a0-1954-g0dddeaa (webtiles) character file.

55 4thArraOfDagon the Chopper (level 3, 1/25 HPs)
             Began as an Octopode Gladiator on Oct 3, 2015.
             Quit the game on level 2 of the Dungeon.
             The game lasted 00:03:18 (732 turns).

4thArraOfDagon the Chopper (Octopode Gladiator)      Turns: 732, Time: 00:03:18

Health: 1/25       AC:  1    Str: 14    XL:     3   Next: 93%
Magic:  3/3        EV: 13    Int: 16    God:
Gold:   93         SH:  0    Dex: 12    Spells: 0 memorised, 2 levels left

rFire  . . .     SeeInvis .     i - +0 war axe
rCold  . . .     Clarity  .     (no shield)
rNeg   . . .     SustAt   .     b - +0 hat
rPois  .         Gourm    .     (no amulet)
rElec  .         Spirit   .     (no ring)
rCorr  .         Warding  .     (no ring)
rMut   .         Stasis   .     (no ring)
MR     .....                    (no ring)
Stlth  +++.......               (no ring)
                                (no ring)
                                (no ring)
                                (no ring)

@: brilliant, lethally poisoned (1 -> -4), not resistant to hostile
enchantments, fairly stealthy
A: almost no armour, amphibious, 8 rings, constrict 8, camouflage 1, gelatinous
body 1
a: no special abilities


You were on level 2 of the Dungeon.
You were not hungry.

You visited 1 branch of the dungeon, and saw 3 of its levels.

You collected 93 gold pieces.

Inventory:

Hand weapons
 i - a +0 war axe (weapon)
Missiles
 c - 3 throwing nets (quivered)
Armour
 b - a +0 hat (worn)
Scrolls
 a - a scroll of fear {unknown}
 e - 2 scrolls of identify {unknown}
 f - 2 scrolls of remove curse {unknown}
 j - a scroll of amnesia {unknown}
 n - a scroll of enchant weapon {unknown}
Comestibles
 d - a bread ration
 g - 5 fruits
 k - 4 chunks of flesh
 l - a meat ration
 m - a royal jelly


   Skills:
 + Level 2.4 Fighting
 * Level 3.8 Axes
 - Level 2.0 Throwing
 + Level 3.2 Dodging
 + Level 2.2 Stealth


You had 2 spell levels left.
You didn't know any spells.

Dungeon Overview and Level Annotations

Branches:
Dungeon (3/15)

Altars:
Elyvilon
Qazlal
Trog


Innate Abilities, Weirdness & Mutations

You cannot wear most types of armour.
You are amphibious.
You can wear up to eight rings at the same time.
You can use your tentacles to constrict eight enemies at once.
Your skin changes colour to match your surroundings (Stealth).
Your rubbery body absorbs attacks (AC +1).


Message History

The adder poisons you! The orc closely misses you. The adder barely misses you.
Unknown command.
You hit the adder.
The adder is severely wounded.
You hit the orc.
The orc is severely wounded.
You constrict the adder.
* * * LOW HITPOINT WARNING * * *
You feel sick. The adder barely misses you. The orc closely misses you.
Unknown command.
You hit the adder.
You kill the adder!
You hit the orc.
You kill the orc!
* * * LOW HITPOINT WARNING * * *
You feel sick.
Unknown command.
Unknown command.
Unknown command.
Are you sure you want to abandon this character and quit the game? (Confirm with "yes".)

....############.#.########.#####
.##.# ## #.#.# #........... .##.#
....#####.#.# #.####.####.
)##.##.# #.......#.# ##.....##.
.......# #######.#.# #..†....#.
###.#### #.#.# #.#.......#.
#....#########.#.# #....._.....
####..........#..##..#.......#.
###########@####..#.......#.
#>).....##.....##.
#######.####.####. .... .. #####
##


There were no monsters in sight!

Vanquished Creatures
  3 adders (D:2)
  A worm (D:2)
  An orc (D:2)
  A goblin (D:2)
  4 hobgoblins (D:2)
  3 jackals (D:1)
  A quokka (D:2)
  6 bats
  A giant newt (D:1)
  3 rats
24 creatures vanquished.

Notes
Turn   | Place    | Note
--------------------------------------------------------------
     0 | D:1      | 4thArraOfDagon the Octopode Gladiator began the quest for the Orb.
     0 | D:1      | Reached XP level 1. HP: 14/14 MP: 1/1
    68 | D:2      | Reached skill level 1 in Stealth
    68 | D:2      | Reached XP level 2. HP: 19/19 MP: 2/2
   233 | D:2      | Found a white marble altar of Elyvilon.
   259 | D:2      | Reached XP level 3. HP: 20/25 MP: 3/3
   295 | D:2      | Found a bloodstained altar of Trog.
   403 | D:2      | Found a stormy altar of Qazlal.
   404 | D:2      | :S
   556 | D:2      | LAB
   665 | D:2      | FUCK IT
   730 | D:2      | HP: 1/25 [poisoned by an adder]
   732 | D:2      | Quit the game

Vault maps used:
D:1:      dpeg_arrival_round_b, kennysheep_another_room
D:2:      lemuel_crystal_altar, lemuel_coloured_pillars_altar,
          old_standard_altar, first_bread
D:3:      overflow_temple_1_default, minmay_ogre_servants

Action                   || total
-------------------------++-------
Melee: War axe           ||    48
Throw: Throwing net      ||     3
  Use: Potion            ||     1
 Stab: Sleeping          ||     4
